 Dungeon Crawl Stone Soup version 0.25.0-26-g0c896c7088 (webtiles) character file.

Game seed: 5304213287422974549

222956 MisterFreud the Brawler (level 18, -3/134 HPs)
             Began as a Demonspawn Abyssal Knight on July 5, 2020.
             Was the Champion of Lugonu.
             Engulfed by a cloud of freezing vapour (12 damage)
             ... in an ice cave.
             The game lasted 01:40:36 (51770 turns).

MisterFreud the Brawler (DsAK)                     Turns: 51770, Time: 01:40:36

Health: -3/134     AC: 23    Str: 16    XL:     18   Next: 54%
Magic:  0/27       EV: 16    Int: 24    God:    Lugonu [******]
Gold:   952        SH: 18    Dex: 15    Spells: 17/17 levels left

rFire    x . .     SeeInvis +     - Unarmed
rCold    . . .     Gourm    .   L - +5 kite shield {reflect}
rNeg     + . .     Faith    +   f - +2 chain mail "Ucicuowk" {rF- Regen+ Int+5}
rPois    +         Spirit   +   Q - +1 helmet
rElec    +         Reflect  +   s - +0 cloak
rCorr    .         Harm     .   (no gloves)
MR       +....                  Y - +1 pair of boots
Stlth    ..........             n - amulet of the Scavenger {Faith rN+}
HPRegen  0.72/turn              B - ring of Nietter {*Slow rElec rPois Int+3 SInv}
MPRegen  0.40/turn              p - ring "New Julaw" {rPois AC+4}

@: repel missiles
A: claws 2, repulsion field 3, powered by pain 3, magic shield, magic
regeneration, magic link
}: 1/15 runes: serpentine
a: Depart the Abyss, Bend Space, Banish, Corrupt, Enter the Abyss, Brand Weapon
With Distortion, Renounce Religion


You were in an ice cave.
You worshipped Lugonu.
Lugonu was exalted by your worship.
You were very hungry.

You visited 5 branches of the dungeon, and saw 31 of its levels.
You visited the Abyss 1 time.
You visited 2 bazaars.
You also visited: Gauntlet and Ice Cave.

You collected 3211 gold pieces.
You spent 2259 gold pieces at shops.

Inventory:

Missiles
 l - 4 silver javelins (quivered)
 y - a throwing net
 D - 38 boomerangs
Armour
 f - the +2 chain mail "Ucicuowk" (worn) {rF- Regen+ Int+5}
   (You acquired it on level 2 of the Snake Pit)

   It affects your intelligence (+5).
   It makes you vulnerable to fire.
   It increases your rate of regeneration.
 g - the +4 ring mail "Awnun" {rC- rCorr SInv}
   (You found it on level 11 of the Dungeon)

   It makes you vulnerable to cold.
   It lets you see invisible.
   It provides partial protection from all sources of acid and corrosion.
 s - a +0 cloak (worn)
 E - the cursed +0 ring mail of Pofe {MR+ Str+5, unknown}
   (You found it in an ice cave)

   It affects your strength (+5).
   It affects your resistance to hostile enchantments.
   It has a curse placed upon it.
 L - a +5 kite shield of reflection (worn)
 Q - a +1 helmet (worn)
 Y - a +1 pair of boots (worn)
Jewellery
 a - the ring "Xogieqyu" {Fire +Blink MR+++ Dex-3 Stlth+}
   (You acquired it on level 11 of the Dungeon)

   [ring of fire]

   It enhances your fire magic.
   It affects your dexterity (-3).
   It protects you from fire.
   It makes you vulnerable to cold.
   It affects your resistance to hostile enchantments.
   It lets you blink.
   It makes you more stealthy.
 h - an uncursed ring of positive energy
 j - a +6 ring of intelligence
 n - the amulet of the Scavenger (around neck) {Faith rN+}
   (You bought it in a shop on level 4 of the Dungeon)

   [amulet of faith]

   It allows you to gain divine favour quickly.
   It protects you from negative energy.
 o - an uncursed ring of protection from fire
 p - the ring "New Julaw" (right claw) {rPois AC+4}
   (You found it on level 11 of the Dungeon)

   [ring of protection]

   It affects your AC (+4).
   It protects you from poison.
 x - a +4 ring of protection
 B - the ring of Nietter (left claw) {*Slow rElec rPois Int+3 SInv}
   (You bought it in a shop on level 2 of the Orcish Mines)

   [ring of see invisible]

   It affects your intelligence (+3).
   It insulates you from electricity.
   It protects you from poison.
   It lets you see invisible.
   It may slow you when you take damage.
Wands
 k - a wand of paralysis (37)
 q - a wand of polymorph (34)
 t - a wand of iceblast (13)
 I - a wand of acid (17)
 J - a wand of digging (8)
 P - a wand of disintegration (32)
 S - a wand of clouds (13)
 V - a wand of enslavement (5)
 Z - a wand of flame (25)
Scrolls
 i - 17 scrolls of remove curse
 m - 3 scrolls of fog
 r - 13 scrolls of teleportation
 G - 16 scrolls of identify
 H - 3 scrolls of amnesia
 N - 3 scrolls of fear
 R - 3 scrolls of magic mapping
 T - 3 scrolls of enchant armour
Potions
 c - a potion of berserk rage
 d - 2 potions of might
 e - 3 potions of haste
 u - 2 potions of mutation
 v - 4 potions of cancellation
 A - 5 potions of magic
 C - 2 potions of ambrosia
 O - 2 potions of resistance
 U - 4 potions of stabbing
 X - 4 potions of curing
Miscellaneous
 w - a phantom mirror
 z - a box of beasts
 F - a tin of tremorstones (3/3)
 M - a phial of floods
Comestibles
 b - 38 rations


   Skills:
 - Level 10.0 Fighting
 - Level 10.0 Armour
 - Level 10.0 Dodging
 + Level 14.9 Shields
 + Level 18.2 Unarmed Combat
 + Level 12.6 Invocations
 - Level 8.0 Evocations


You had 17 spell levels left.
You didn't know any spells.
Your spell library contained the following spells:

 Spells                   Type           Power        Failure   Level  Hunger
 Animate Skeleton         Necr           N/A          85%         1    ##.....
 Apportation              Tloc           #.....       85%         1    ##.....
 Beastly Appendage        Tmut           #.....       85%         1    ##.....
 Corona                   Hex            #......      85%         1    ##.....
 Magic Dart               Conj           #...         85%         1    ##.....
 Pain                     Necr           #...         85%         1    ##.....
 Sandblast                Erth           #.....       85%         1    ##.....
 Sting                    Tmut/Pois      #...         85%         1    ##.....
 Summon Butterflies       Summ           #.......     85%         1    ##.....
 Blink                    Tloc           N/A          94%         2    ###....
 Call Imp                 Summ           #.......     94%         2    ###....
 Corpse Rot               Necr/Air       N/A          94%         2    ###....
 Ensorcelled Hibernation  Hex/Ice        #.....       94%         2    ###....
 Passwall                 Tmut/Erth      #.......     94%         2    ###....
 Poisonous Vapours        Pois/Air       #.....       94%         2    ###....
 Slow                     Hex            #.......     94%         2    ###....
 Sticks to Snakes         Tmut           #.......     94%         2    ###....
 Confusing Touch          Hex            #.......     99%         3    ####...
 Conjure Flame            Conj/Fire      #.......     99%         3    ####...
 Dazzling Flash           Conj/Hex       #.....       99%         3    ####...
 Ignite Poison            Fire/Tmut/Pois #.......     99%         3    ####...
 Lesser Beckoning         Tloc           #.........   99%         3    ####...
 Mephitic Cloud           Conj/Pois/Air  #.......     99%         3    ####...
 Spider Form              Tmut/Pois      #.........   99%         3    ####...
 Static Discharge         Conj/Air       #.......     99%         3    ####...
 Stone Arrow              Conj/Erth      #.....       99%         3    ####...
 Tukima's Dance           Hex            #.......     99%         3    ####...
 Vampiric Draining        Necr           #.........   99%         3    ####...
 Animate Dead             Necr           N/A          100%        4    #####..
 Ice Form                 Ice/Tmut       #.......     100%        4    #####..
 Olgreb's Toxic Radiance  Pois           #.......     100%        4    #####..
 Petrify                  Tmut/Erth      #.......     100%        4    #####..
 Agony                    Necr           #.......     100%        5    ######.
 Alistair's Intoxication  Tmut/Pois      #.......     100%        5    ######.
 Blade Hands              Tmut           #.........   100%        5    ######.
 Lee's Rapid Deconstruct  Erth           #.........   100%        5    ######.
 Lightning Bolt           Conj/Air       #.........   100%        5    ######.
 Summon Forest            Summ/Tloc      #.........   100%        5    ######.
 Eringya's Noxious Bog    Tmut/Pois      #.........   100%        6    #######
 Freezing Cloud           Conj/Ice/Air   #.........   100%        6    #######
 Hydra Form               Tmut           #.........   100%        6    #######
 Invisibility             Hex            #.......     100%        6    #######
 Ring of Flames           Chrm/Fire      #.........   100%        7    #######
 Summon Hydra             Summ           #.........   100%        7    #######
 Ignition                 Fire           #.........   100%        8    #######
 Shatter                  Erth           #.........   100%        9    #######
 Tornado                  Air            #.........   100%        9    #######


Dungeon Overview and Level Annotations

Branches:
Dungeon (15/15)            Temple (0/1) D:6            Lair (6/6) D:11
  Swamp (4/4) Lair:3        Snake (4/4) Lair:4        Slime (0/5) Lair:6
    Orc (2/2) D:10            Elf (0/3) Orc:2        Vaults (0/5) D:13
 Depths (0/5) D:15          IceCv (1/1)             Gauntlet (visited)

Altars:
Dithmenos
Fedhas
Hepliaklqana
Makhleb
Nemelex Xobeh
Okawaru
Qazlal
Ru
Sif Muna
Trog
Uskayaw
Wu Jian
Yredelemnul
Zin

Shops:
D:4 =   D:6 !   D:10 *   D:13 !   Orc:1 (   Orc:2 ***}   Snake:1 *((
Snake:3 ?}*

Portals:
Trove: D:15 (give +4 ice dragon scales)

Annotations:
D:4 1 runed translucent door, MisterFreud's ghost, amateur OpEE
D:11 3 runed translucent doors
Swamp:1 Roxanne
Abyss:1 Donald


Innate Abilities, Weirdness & Mutations

You have very sharp fingernails.
You are surrounded by a strong repulsion field. (EV +4, RMsl)
You are powered by pain.
When hurt, damage is shared between your health and your magic reserves.
You regenerate magic rapidly.
When low on magic, you restore magic in place of health.


Message History

Unknown command.
Press: ? - help, Shift-Dir - straight line, f - golden dragon simulacrum
Aim: a golden dragon simulacrum (freezing vapour, chance to defeat MR: 85%)
The golden dragon simulacrum is devoured by a tear in reality.
Lugonu claims a new guest.
You are feeling very hungry.
You are engulfed in freezing vapours.
* * * LOW HITPOINT WARNING * * *
You block the harpy simulacrum's attack.
The harpy simulacrum claws you.
* * * LOW HITPOINT WARNING * * *
The harpy simulacrum freezes you!
* * * LOW HITPOINT WARNING * * *
Unknown command.
Evoke which item? (* to show all) (? for menu, Esc to quit)
Aiming: Enslavement
Press: ? - help, Shift-Dir - straight line, f - harpy simulacrum
Aim: a harpy simulacrum (freezing vapour, chance to defeat MR: 77%)
The harpy simulacrum is charmed.
You are engulfed in freezing vapours.
You die...

§§§§##.#..#
#.##..#
§§○##.##.##
#####.##
######.#.#
#.#...# #
###...#
####.##.#
#.#..##
##.#####.#
##.○.##
#...###.○#
#○§.##
§§Z##§##
##°###
#Z#§☼#
##○##
#@§☼## #☼§#
##§§# ☼○##
#○## ☼##
### ## #


You could see an iron troll simulacrum and a friendly harpy simulacrum
(charmed).

Vanquished Creatures
  Jorgrun (Swamp:1)
  Frances (Snake:2)
  2 thorn hunters (Swamp:3)
  Kirke (Lair:6)
  10 nagarajas
  Aizul (Snake:2)
  An orc warlord (Orc:2)
  7 hydras
  9 naga warriors
  4 anacondas
  2 ghost crabs (Swamp:3)
  6 centaur warriors
  17 two-headed ogres
  A death knight (D:15)
  2 ogre magi (D:15)
  14 alligators
  11 death yaks
  A tengu warrior (D:9)
  3 shock serpents
  5 naga sharpshooters
  A deep troll shaman (Lair:6)
  Sonja (Lair:2)
  A skeletal warrior (D:13)
  A spriggan druid (Swamp:3)
  An unseen horror (D:13)
  5 swamp dragons
  2 wizards
  3 naga ritualists
  4 orc knights
  An oklob plant (D:11)
  3 mana vipers
  9 ugly things
  4 orc sorcerers
  2 manticores
  A salamander (Snake:3)
  2 cyclopes (D:13)
  11 elephants (Lair:6)
  22 black mambas
  A guardian serpent (Snake:3)
  15 naga magi
  4 gargoyles
  18 spiny frogs
  3 torpor snails
  3 komodo dragons
  2 yaktaurs (D:13)
  2 rime drakes
  A kobold demonologist (D:14)
  5 ice devils (IceCv)
  5 freezing wraiths
  A merfolk (D:10)
  10 tyrant leeches
  6 trolls
  3 polar bears
  6 hornets
  16 blink frogs
  A harpy skeleton (D:13)
  Grinder (D:4)
  15 hippogriffs
  A hippogriff (shapeshifter) (D:15)
  7 bog bodies
  A meliai zombie (D:14)
  14 slime creatures
  9 dream sheep (Lair:5)
  3 spriggans
  2 shadows
  2 wyverns
  7 wraiths
  5 hungry ghosts
  2 basilisks (Lair:6)
  21 yaks
  2 hogs
  A death yak simulacrum (IceCv)
  15 vampire mosquitoes
  A harpy simulacrum (IceCv)
  43 nagas
  9 insubstantial wisps (Swamp:1)
  3 wargs (Orc:2)
  2 acid dragons
  8 swamp worms
  A porcupine (Lair:1)
  11 water moccasins
  A hornet zombie (D:15)
  48 orc warriors
  3 ice beasts
  3 swamp drakes (Swamp:2)
  6 black bears
  2 eyes of draining
  4 sky beasts
  18 ogres
  6 phantoms
  A necrophage (D:13)
  20 centaurs
  23 wolves
  8 crocodiles
  5 big kobolds
  22 bullfrogs
  2 wyvern zombies (D:12)
  3 wyvern skeletons (D:13)
  8 scorpions
  15 killer bees
  14 wights
  2 howler monkeys (D:10)
  3 electric eels
  8 crimson imps
  A quasit (D:9)
  4 centaur zombies
  8 hounds
  Crazy Yiuf (D:3)
  A draconian simulacrum (IceCv)
  A bullfrog zombie (D:11)
  16 jellies
  6 centaur skeletons
  6 iguanas
  16 orc priests
  34 orc wizards
  7 bullfrog skeletons
  Ijyb (D:4)
  2 spriggan simulacra (IceCv)
  2 troll simulacra (IceCv)
  16 worker ants
  2 centaur simulacra (IceCv)
  2 hound zombies (D:9)
  3 hound skeletons
  A howler monkey zombie (D:9)
  A worker ant zombie (D:10)
  Robin (D:4)
  12 gnolls
  13 adders
  A naga simulacrum (IceCv)
  An ogre simulacrum (IceCv)
  6 shadow imps
  A white imp (IceCv)
  An ufetubus (IceCv)
  An ooze (Lair:6)
  3 adder skeletons
  2 adder zombies
  4 worms
  7 dart slugs
  7 leopard geckos
  93 orcs
  5 giant cockroaches
  13 goblins
  7 hobgoblins
  23 jackals
  23 kobolds
  2 quokkas
  5 ball pythons
  4 bats
  10 frilled lizards
  A giant cockroach zombie (D:5)
  A jackal zombie (D:6)
  9 rats
  2 fungi
  A plant (D:11)
1076 creatures vanquished.

Vanquished Creatures (others)
  Nikola (Swamp:1)
  A catoblepas (Lair:6)
  3 hydras
  A lindwurm (Lair:6)
  A freezing wraith (D:15)
  An efreet (D:15)
  2 golden dragon simulacra (IceCv)
  A tyrant leech (Swamp:1)
  A dire elephant simulacrum (IceCv)
  A human (Lair:6)
  A naga (Snake:3)
  A phantom (D:6)
  4 ufetubi (IceCv)
  An orc (Orc:2)
  A bush (Lair:6)
  22 fungi
  14 plants
57 creatures vanquished.

Grand Total: 1133 creatures vanquished

Notes
Turn   | Place    | Note
-------+----------+-------------------------------------------
     0 | Abyss:1  | MisterFreud the Demonspawn Abyssal Knight began the quest
                  | for the Orb.
     0 | Abyss:1  | Reached XP level 1. HP: 18/18 MP: 2/2
     2 | Abyss:1  | Found a corrupted altar of Lugonu.
    34 | Abyss:1  | Noticed a raiju
    35 | D:1      | Escaped the Abyss
   179 | D:1      | Reached skill level 2 in Unarmed Combat
   183 | D:1      | Reached * piety under Lugonu
   423 | D:1      | Gained mutation: You are surrounded by a mild repulsion
                  | field. (EV +2) [demonic ancestry]
   423 | D:1      | Reached XP level 2. HP: 24/24 MP: 3/3
   777 | D:1      | Reached skill level 3 in Unarmed Combat
  1053 | D:2      | Gained mutation: You sometimes gain a little power by
                  | taking damage. [demonic ancestry]
  1053 | D:2      | Reached XP level 3. HP: 29/29 MP: 4/4
  1211 | D:2      | Reached ** piety under Lugonu
  1599 | D:2      | Found a basalt altar of Yredelemnul.
  2033 | D:2      | Reached skill level 4 in Unarmed Combat
  2033 | D:2      | Gained mutation: You are surrounded by a moderate repulsion
                  | field. (EV +3) [demonic ancestry]
  2033 | D:2      | Reached XP level 4. HP: 31/35 MP: 5/5
  2291 | D:3      | Gained mutation: When hurt, damage is shared between your
                  | health and your magic reserves. [demonic ancestry]
  2291 | D:3      | Reached XP level 5. HP: 37/41 MP: 6/6
  2349 | D:3      | Reached skill level 5 in Unarmed Combat
  2595 | D:3      | Found a shimmering blue altar of Sif Muna.
  2985 | D:3      | Reached *** piety under Lugonu
  3105 | D:3      | Found a runed translucent door.
  3106 | D:3      | Noticed Crazy Yiuf
  3117 | D:3      | Killed Crazy Yiuf
  3174 | D:4      | Gained mutation: You have sharp fingernails. [demonic
                  | ancestry]
  3174 | D:4      | Reached XP level 6. HP: 47/47 MP: 7/7
  3201 | D:4      | Found a sacrificial altar of Ru.
  3220 | D:4      | Reached skill level 6 in Unarmed Combat
  3220 | D:4      | Reached skill level 1 in Dodging
  3342 | D:4      | Noticed Ijyb
  3381 | D:4      | Killed Ijyb
  3392 | D:4      | Found Ewnia's Jewellery Boutique.
  3590 | D:4      | Noticed Robin
  3616 | D:4      | Killed Robin
  3681 | D:4      | Gained mutation: You are surrounded by a strong repulsion
                  | field. (EV +4, RMsl) [demonic ancestry]
  3681 | D:4      | Reached XP level 7. HP: 48/52 MP: 6/8
  3719 | D:4      | Noticed Grinder
  4014 | D:4      | Found a runed translucent door.
  4019 | D:4      | Found a glowing silver altar of Zin.
  4173 | D:4      | Noticed MisterFreud's ghost (amateur OpEE)
  4240 | D:5      | Entered Level 5 of the Dungeon
  4914 | D:5      | Reached **** piety under Lugonu
  4914 | D:5      | Reached XP level 8. HP: 58/60 MP: 9/9
  5528 | D:5      | Found a blossoming altar of Fedhas.
  5874 | D:6      | Found an ornate altar of the Wu Jian Council.
  5909 | D:6      | Reached skill level 7 in Unarmed Combat
  5923 | D:6      | Reached skill level 5 in Fighting
  6338 | D:6      | Found Vosecwu's Distillery.
  6348 | D:6      | Bought a potion of cancellation for 104 gold pieces
  6464 | D:6      | Gained mutation: You regenerate magic rapidly. [demonic
                  | ancestry]
  6464 | D:6      | Reached XP level 9. HP: 28/70 MP: 6/10
  6737 | D:5      | Reached skill level 8 in Unarmed Combat
  6847 | D:6      | Found a staircase to the Ecumenical Temple.
  7507 | D:7      | Found a hide-covered altar of Uskayaw.
  7775 | D:7      | Reached skill level 5 in Invocations
  8546 | D:8      | Found a sparkling altar of Nemelex Xobeh.
  8546 | D:8      | Found a stormy altar of Qazlal.
  8569 | D:8      | Reached skill level 9 in Unarmed Combat
  8957 | D:8      | Found an iron altar of Okawaru.
  8982 | D:8      | Reached ***** piety under Lugonu
  9117 | D:8      | Reached XP level 10. HP: 78/80 MP: 14/14
  9163 | D:8      | Got a fine ring mail
  9174 | D:8      | Identified the +3 ring mail of the Imp {rElec rF++} (You
                  | found it on level 8 of the Dungeon)
  9538 | D:8      | Found a burning altar of Makhleb.
 10296 | D:9      | Noticed a tengu warrior
 10324 | D:9      | Killed a tengu warrior
 10324 | D:9      | Reached skill level 10 in Unarmed Combat
 10697 | D:9      | Noticed a centaur warrior
 10705 | D:9      | Reached skill level 10 in Invocations
 10724 | D:9      | Killed a centaur warrior
 11043 | D:9      | Noticed a five-headed hydra
 11044 | D:9      | Banished a five-headed hydra
 11141 | D:9      | Found a shadowy altar of Dithmenos.
 11275 | D:9      | Reached skill level 5 in Shields
 11275 | D:9      | Reached XP level 11. HP: 86/86 MP: 18/18
 11314 | D:9      | Found a hazy altar of Hepliaklqana.
 11695 | D:10     | Entered Level 10 of the Dungeon
 11817 | D:10     | Found Cidagg's General Store.
 11905 | D:10     | Found a staircase to the Orcish Mines.
 13424 | D:11     | Noticed an oklob plant
 13427 | D:11     | Found a staircase to the Lair.
 13730 | D:11     | Found a runed translucent door.
 13730 | D:11     | Noticed a seven-headed hydra
 13730 | D:11     | Noticed a purple ugly thing
 13732 | D:11     | Noticed a seven-headed hydra
 13740 | D:11     | Found a flickering gateway to a bazaar.
 13746 | Bazaar   | Entered a bazaar
 13983 | Bazaar   | Found Bianonn's Magic Scroll Shoppe.
 13998 | Bazaar   | Found Juebor's Book Shoppe.
 14013 | Bazaar   | Found Vupniamn's Weapon Shoppe.
 14013 | Bazaar   | Found Luymeus's Antique Armour Emporium.
 14023 | Bazaar   | Bought a translucent scale mail for 135 gold pieces
 14023 | Bazaar   | Bought a runed helmet for 112 gold pieces
 14044 | Bazaar   | Identified the +1 scale mail "Zichej" {rElec MR++ rCorr
                  | MP-9} (You bought it in a shop in a bazaar)
 14089 | Bazaar   | Bought a scroll of teleportation for 30 gold pieces
 14159 | D:11     | Found a runed translucent door.
 14159 | D:11     | Noticed an orc knight
 14160 | D:11     | Found a runed translucent door.
 14220 | D:11     | Noticed a wizard
 14220 | D:11     | Noticed a centaur warrior
 14245 | D:11     | Noticed an orc knight
 14247 | D:11     | Killed a centaur warrior
 14260 | D:11     | Killed a wizard
 14282 | D:11     | Killed an orc knight
 14310 | D:11     | Reached skill level 10 in Shields
 14337 | D:11     | Identified a scroll of acquirement
 14338 | D:11     | Got the ring "Xogieqyu" {Fire +Blink MR+++ Dex-3 Stlth+}
 14354 | D:11     | Got a scintillating silver ring
 14355 | D:11     | Identified the ring "New Julaw" {rPois AC+4} (You found it
                  | on level 11 of the Dungeon)
 14361 | D:11     | Got a steaming ring mail
 14362 | D:11     | Identified the +4 ring mail "Awnun" {rC- rCorr SInv} (You
                  | found it on level 11 of the Dungeon)
 14626 | D:11     | Reached ****** piety under Lugonu
 15338 | D:11     | Reached skill level 1 in Evocations
 15529 | D:11     | Gained mutation: You sometimes gain power by taking damage.
                  | [demonic ancestry]
 15529 | D:11     | Reached XP level 12. HP: 94/94 MP: 19/19
 15818 | Lair:1   | Entered Level 1 of the Lair of Beasts
 17165 | Lair:2   | Noticed a five-headed hydra
 17171 | Lair:2   | Banished a five-headed hydra
 17968 | Lair:3   | Noticed Sonja
 17973 | Lair:2   | Killed Sonja
 17973 | Lair:2   | Reached skill level 11 in Unarmed Combat
 18202 | Lair:3   | Reached skill level 5 in Evocations
 18407 | Lair:3   | Found a staircase to the Swamp.
 18473 | Lair:3   | Reached skill level 10 in Fighting
 19269 | Lair:4   | Noticed a five-headed hydra
 19284 | Lair:4   | Banished a five-headed hydra
 19980 | Lair:4   | Reached XP level 13. HP: 103/103 MP: 20/20
 20122 | Lair:4   | Found a staircase to the Snake Pit.
 21320 | Lair:5   | Reached skill level 12 in Unarmed Combat
 22840 | Lair:6   | Entered Level 6 of the Lair of Beasts
 22840 | Lair:6   | Noticed Kirke
 22903 | Lair:6   | Found a gate leading to a gauntlet.
 22920 | Gauntlet | Entered a Gauntlet
 22920 | Gauntlet | Found a transporter.
 22920 | Gauntlet | Found a transporter.
 22920 | Gauntlet | Found a runed translucent door.
 22920 | Gauntlet | Found a runed translucent door.
 22924 | Gauntlet | Found a transporter.
 22924 | Gauntlet | Found a transporter.
 22946 | Gauntlet | Found a transporter.
 22957 | Gauntlet | Found a transporter.
 22958 | Gauntlet | Found a transporter.
 22963 | Gauntlet | Noticed a blizzard demon
 22968 | Gauntlet | Found a transporter.
 23030 | Gauntlet | Found a transporter.
 23038 | Gauntlet | Found a transporter.
 23042 | Gauntlet | Found a transporter.
 23050 | Gauntlet | Found a transporter.
 23419 | Lair:6   | Found a staircase to the Slime Pits.
 23510 | Lair:6   | Reached skill level 13 in Unarmed Combat
 23585 | Lair:6   | Killed Kirke
 24335 | Lair:6   | Reached skill level 14 in Unarmed Combat
 24669 | Lair:6   | Gained mutation: When low on magic, you restore magic in
                  | place of health. [demonic ancestry]
 24669 | Lair:6   | Reached XP level 14. HP: 93/110 MP: 18/21
 25743 | Lair:6   | Reached skill level 15 in Unarmed Combat
 27565 | D:13     | Reached skill level 5 in Armour
 27565 | D:13     | Reached skill level 5 in Dodging
 27850 | D:13     | Found Giddol's Distillery.
 28133 | D:13     | Found a gate to the Vaults.
 30129 | D:14     | Found a stormy altar of Qazlal.
 30159 | D:14     | Reached XP level 15. HP: 103/115 MP: 17/22
 31119 | D:15     | Entered Level 15 of the Dungeon
 31142 | D:15     | Found a portal to a secret trove of treasure.
 32699 | D:15     | Found a staircase to the Depths.
 33298 | Orc:1    | Entered Level 1 of the Orcish Mines
 33441 | Orc:2    | Entered Level 2 of the Orcish Mines
 33492 | Orc:1    | Noticed an orc warlord
 33911 | Orc:2    | Killed an orc warlord
 34498 | Orc:1    | Found Hayseimm's Antique Weapon Boutique.
 35584 | Orc:2    | Found a staircase to the Elven Halls.
 35754 | Orc:2    | Found a bloodstained altar of Trog.
 35967 | Orc:2    | Found Eblomuih's General Store.
 35967 | Orc:2    | Found Usmip's Assorted Antiques.
 35969 | Orc:2    | Found Qul Lava's Assorted Antiques.
 35971 | Orc:2    | Found Tehi Oga's Gadget Shop.
 35976 | Orc:2    | Bought a pair of pitted boots for 294 gold pieces
 35978 | Orc:2    | Bought a scintillating marble ring for 100 gold pieces
 35981 | Orc:2    | Identified the ring of Nietter {*Slow rElec rPois Int+3
                  | SInv} (You bought it in a shop on level 2 of the Orcish
                  | Mines)
 35982 | Orc:2    | Identified the cursed +0 pair of boots of Vlad {Stlth+}
                  | (You bought it in a shop on level 2 of the Orcish Mines)
 36257 | Snake:1  | Entered Level 1 of the Snake Pit
 36272 | Snake:1  | Found Ciul's Antique Weapon Emporium.
 36313 | Snake:1  | Found Foulomeu's General Store.
 36317 | Snake:1  | Found a flickering gateway to a bazaar.
 36324 | Bazaar   | Entered a bazaar
 36328 | Bazaar   | Found Poulor's Distillery.
 36346 | Bazaar   | Found Foatyimm's Gadget Emporium.
 36363 | Bazaar   | Found Sogh's Book Boutique.
 36380 | Bazaar   | Found Pedir's Antique Armour Shoppe.
 36402 | Bazaar   | Bought a potion of curing for 57 gold pieces
 36688 | Snake:1  | Found Rasuuf Ycryl's Weapon Shoppe.
 38257 | Snake:2  | Got the +2 chain mail "Ucicuowk" {rF- Regen+ Int+5}
 38736 | Snake:2  | Noticed a nagaraja
 38756 | Snake:2  | Killed a nagaraja
 38756 | Snake:2  | Gained mutation: You have very sharp fingernails. [demonic
                  | ancestry]
 38756 | Snake:2  | Reached XP level 16. HP: 90/122 MP: 15/23
 39028 | Snake:2  | Noticed Frances
 39181 | Snake:2  | Noticed Aizul
 39214 | Snake:2  | Killed Aizul
 39780 | Snake:2  | Killed Frances
 40678 | Snake:3  | Found Gaghul's Magic Scroll Boutique.
 40932 | Snake:3  | Bought a scroll of blinking for 135 gold pieces
 40932 | Snake:3  | Bought a scroll of teleportation for 54 gold pieces
 40932 | Snake:3  | Bought a scroll of enchant armour for 135 gold pieces
 41827 | Snake:3  | Found Sujoom's General Store.
 42018 | Snake:3  | Bought a potion of curing for 42 gold pieces
 42168 | Snake:3  | Found Muuq's Gadget Emporium.
 42191 | Snake:3  | Reached skill level 10 in Dodging
 42197 | Snake:3  | Bought a wand of clouds (7) for 396 gold pieces
 42619 | Snake:4  | Entered Level 4 of the Snake Pit
 42691 | Snake:4  | Reached skill level 10 in Armour
 42828 | Snake:4  | Reached skill level 16 in Unarmed Combat
 43386 | Snake:4  | Got a smelly chain mail
 43387 | Snake:4  | Identified the cursed +0 chain mail of Midnight {rC++
                  | Str+2} (You found it on level 4 of the Snake Pit)
 45984 | Snake:4  | Got a serpentine rune of Zot
 46426 | Swamp:1  | Entered Level 1 of the Swamp
 46451 | Swamp:1  | Noticed Jorgrun
 46459 | Swamp:1  | Reached skill level 17 in Unarmed Combat
 46499 | Swamp:1  | Killed Jorgrun
 46514 | Swamp:1  | Noticed Donald
 46525 | Swamp:1  | Noticed Nikola
 46609 | Swamp:1  | Banished Donald
 46655 | Swamp:1  | Noticed Roxanne
 47174 | D:4      | Killed Grinder
 47185 | D:4      | Bought the amulet of the Scavenger {Faith rN+} for 665 gold
                  | pieces
 47505 | Swamp:1  | Killed Nikola
 47505 | Swamp:1  | Gained mutation: You are powered by pain. [demonic
                  | ancestry]
 47505 | Swamp:1  | Reached XP level 17. HP: 58/128 MP: 18/24
 48150 | Swamp:1  | Reached XP level 18. HP: 97/134 MP: 24/26
 49295 | Swamp:2  | Reached skill level 18 in Unarmed Combat
 50703 | Swamp:3  | Found a glowing silver altar of Zin.
 51245 | Swamp:4  | Entered Level 4 of the Swamp
 51273 | Swamp:4  | Found a frozen archway.
 51300 | IceCv    | Entered an ice cave
 51390 | IceCv    | Got a bronze ring mail
 51550 | IceCv    | HP: 4/134 [ice devil (11)]
 51556 | IceCv    | HP: 7/201 [ice devil (15)]
 51562 | IceCv    | HP: 4/201 [something (3)]
 51770 | IceCv    | Engulfed by a cloud of freezing vapour

Illustrated notes

Levels and vault maps discovered:
D:1:      wander_arrival_abandoned_jail, layout_basic
D:2:      layout_rooms, nicolae_overflow_crystal_walls, nrook_uturn,
          serial_bayou_pond_b
D:3:      layout_rooms, lemuel_crystal_altar, first_ration,
          uniq_crazy_yiuf_cottage
D:4:      layout_loops_ring, lemuel_round_altar, kennysheep_mini_moat,
          serial_shops, shop, gammafunk_ghost_grave,
          cheibrodos_sewer_entry_bend, minmay_misc_feat_rows, uniq_ijyb,
          uniq_robin, uniq_grinder
D:5:      minmay_angry_zag, layout_gridville, fedhas_altar_1
D:6:      layout_rooms, old_standard_altar, lemuel_temple_firewalk_b,
          serial_shops, shop_statue
D:7:      layout_layer_cave, eat_drink_and_be_merry_uskayaw
D:8:      layout_loops_ring, grunt_temple_overflow_open, okawaru_trees_2,
          makhleb_grotto_becter
D:9:      cheibrodos_ideogram_h, layout_basic, kennysheep_mini,
          lemuel_crystal_altar
D:10:     layout_irregular_city, david_orc_3, serial_shops, shop,
          hangedman_fish_farm, chequers_serial_rivers_large_a
D:11:     minmay_the_grid_triangle_9x9_recursive_2
          [minmay_the_grid_triangle_9x9_prize_top_heavy,
          minmay_the_grid_triangle_9x9_fully_insulated_deathbox,
          minmay_the_grid_triangle_9x9_checkered,
          minmay_the_grid_triangle_9x9_empty], layout_layer_cave,
          dpeg_oklobed_lair, serial_shops, bzr_entry_safe
D:12:     layout_cross
D:13:     layout_loops_corners, hangedman_vaults_entry_quadrant_bands,
          serial_shops, shop
D:14:     layout_long_grid, roderic_roman_lattice, grunt_qazlal_sundering
D:15:     grunt_enter_depths_magical_seal, layout_basic,
          nicolae_trove_entry_diagonal, solitary_fountain
Lair:1:   layout_long_grid, serial_bayou_shore_a
Lair:2:   layout_misc_corridors
Lair:3:   layout_cellular_growth, skrybe_swamp_entry_bodies,
          serial_bayou_shore_b, serial_bayou_shore_b, uniq_sonja
Lair:4:   layout_layer_cave, dummy_snake_entry, serial_bayou_shore_b
Lair:5:   layout_regular_city, beast_lair_carwin_2
Lair:6:   grunt_lair_end_beastmaster, layout_regular_city,
          minmay_slime_entry_jelly_boxes, gauntlet_entry_generic,
          chequers_serial_rivers_large_b, lemuel_fruit_fields,
          serial_bayou_shore_b, lemuel_fruit_fields, uniq_kirke
Swamp:1:  layout_basic_swamp, evilmike_swamp_ruin_house_1,
          infiniplex_staircase_pool, uniq_nikola, uniq_jorgrun, uniq_roxanne,
          uniq_donald
Swamp:2:  layout_falls_marsh, evilmike_swamp_ruin_house_5
Swamp:3:  layout_basic_swamp, basic_altar
Swamp:4:  swamp_old_school, layout_basic_swamp,
          portal_ice_cave_entry_frozen_things, swamp_pool1
Snake:1:  layout_layer_cave, serial_shops, bzr_in_the_mist,
          nicolae_shop_behind_doors, shop_statue, nicolae_shop_waterfront
Snake:2:  layout_cave_town, uniq_frances, uniq_aizul
Snake:3:  layout_basic, serial_shops, shop, shop,
          nicolae_shop_temple_entry_statues_fountains
Snake:4:  minmay_snake_end_coiled, layout_cave_town, nrook_loot_triangle
Orc:1:    minmay_goldmine, layout_caves, serial_shops, shop
Orc:2:    st_orc_rangers, layout_caves, basic_altar
IceCv:    ice_cave_caverns_03

Skill      XL: |  1  2  3  4  5  6  7  8  9 10 11 12 13 14 15 16 17 18 |
---------------+-------------------------------------------------------+-----
Unarmed Combat | 2 3 4 5 6 7 9 10 11 14 15 17 18 | 18.2
Armour         | 3 4 6 9 10 | 10.0
Dodging        | 2 4 6 9 10 | 10.0
Fighting       | 6 8 10 | 10.0
Invocations    | 6 10 11 12 | 12.6
Shields        | 5 10 11 12 14 | 14.9
Evocations     | 1 6 8 |  8.0

Action                   |  1- 3 |  4- 6 |  7- 9 | 10-12 | 13-15 | 16-18 || total
-------------------------+-------+-------+-------+-------+-------+-------++-------
Melee: Unarmed           |   214 |   330 |   819 |  1641 |  2615 |  1416 ||  7035
       Punch             |     4 |     4 |    16 |    10 |       |       ||    34
Invok: Depart the Abyss  |     1 |       |       |       |       |       ||     1
       Banish            |       |       |       |     3 |     7 |    15 ||    25
Evoke: Wand              |       |       |     1 |     9 |     3 |     6 ||    19
  Use: Scroll            |     4 |       |     3 |    24 |     8 |    10 ||    49
       Potion            |       |       |       |     2 |     4 |    12 ||    18
 Stab: Invisible         |       |     1 |       |       |       |     3 ||     4
       Sleeping          |       |       |       |       |     2 |       ||     2
  Eat: Chunk             |     3 |     7 |    16 |    39 |    43 |    16 ||   124
       Ration            |       |       |     2 |     1 |     7 |     9 ||    19
Armor: Chain mail        |   110 |   227 |   352 |     4 |     9 |    21 ||   723
       Leather armour    |     6 |       |       |       |       |       ||     6
       Ring mail         |       |       |       |   471 |   610 |   228 ||  1309
Dodge: Dodged            |    87 |   157 |   371 |   765 |  1244 |   559 ||  3183
       Repelled          |       |       |     9 |    12 |    33 |    54 ||   108
Block: Kite shield       |       |       |       |   801 |  1915 |  1081 ||  3797
       Reflection        |       |       |       |    12 |   110 |    92 ||   214
